 Dungeon Crawl Stone Soup version bcrawl-1.19.2-6-g6a88ae04c9 (webtiles) character file.

Game seed: 7780999996898581728

53 Mrkan the Covered (level 3, -2/33 HPs)
             Began as a Minotaur Fighter on Dec 30, 2019.
             Slain by Sigmund
             ... wielding a +0 scythe of protection
              (9 damage)
             ... on level 2 of the Dungeon.
             The game lasted 00:01:43 (1382 turns).

Mrkan the Covered (Minotaur Fighter)                Turns: 1382, Time: 00:01:44

Health: -2/33      AC:  8    Str: 20    XL:     3   Next: 62%
Magic:  2/2        EV:  7    Int:  5    God:
Gold:   134        SH:  9    Dex: 10    Spells: 2/2 levels left

rFire    . . .     SeeInvis .   a - +0 war axe
rCold    . . .     Gourm    .   c - +0 shield
rNeg     . . .     Faith    .   b - +0 scale mail
rPois    .         Spirit   .   (helmet restricted)
rElec    .         Reflect  .   l - +0 cloak
rCorr    .         Harm     .   (no gloves)
MR       +....                  (no boots)
Stlth    ..........             (no amulet)
HPRegen  0.11/turn              j - ring of wizardry
MPRegen  0.08/turn              h - ring of protection from magic

@: no status effects
A: retaliatory headbutt, horns 2
a: no special abilities


You were on level 2 of the Dungeon.
You were not hungry.

You visited 1 branch of the dungeon, and saw 2 of its levels.

You collected 134 gold pieces.

Inventory:

Hand Weapons
 a - a +0 war axe (weapon)
 s - a +1 hand axe of freezing
Armour
 b - a +0 scale mail (worn)
 c - a +0 shield (worn)
 l - a +0 cloak (worn)
Jewellery
 h - a ring of protection from magic (right hand)
 j - a ring of wizardry (left hand)
 m - an uncursed ring of wizardry
Wands
 r - a wand of flame (12)
Scrolls
 e - a scroll of remove curse {unknown}
 k - a scroll of magic mapping {unknown}
 n - a scroll of fear {unknown}
 t - a scroll of identify {unknown}
 u - a scroll of amnesia {unknown}
Potions
 d - 2 potions of might
 g - a potion of flight {unknown}
 i - a potion of magic {unknown}
 o - a potion of haste {unknown}
 p - 3 potions of curing {unknown}
 v - 2 potions of degeneration {unknown}
 w - a potion of mutation {unknown}
Comestibles
 f - 5 rations {!d}
 q - 8 chunks of flesh


   Skills:
 + Level 4.1 Fighting
 * Level 3.5 Axes
 + Level 4.1 Armour
 + Level 4.1 Shields


You had 2 spell levels left.
You didn't know any spells.
Your spell library was empty.

Dungeon Overview and Level Annotations

Branches:
Dungeon (2/12)

Altars:

Annotations:
D:2 Sigmund


Innate Abilities, Weirdness & Mutations

You reflexively headbutt those who attack you in melee.
You have a pair of horns on your head.


Message History

Sigmund hits you with a +0 scythe of protection.
You hit Sigmund but do no damage.
Sigmund is lightly wounded.
Sigmund casts a spell.
Sigmund flickers and vanishes!
Deactivating autopickup; reactivate with Ctrl-A.
You closely miss something. You headbutt something. Something hits you!
You closely miss something. You headbutt something! Something hits you.
Your shield and scale mail prevent you from hitting something.
Something hits you but does no damage.
You miss something. Your headbutt misses something. You miss something.
Your headbutt misses something. Something hits you.
You miss something. Something hits you but does no damage.
You hit something but do no damage. Your headbutt misses something.
Something hits you.
* * * LOW HITPOINT WARNING * * *
You closely miss something. Something hits you but does no damage.
You hit something but do no damage. Your headbutt misses something.
Something hits you!
You die...

#....#
#........############..
#....# #.###.#.....#
#.. .
#....###.###.......#
###
.###..............#####
#. .............###..#
##. ......#......# #..+
#.. ......#......# #.##
#..
.##''##......###.#####
#..
##§..≈##........@....#
##.
#≈≈..≈≈#####....{....#
#. §≈#.##§≈#
#.........# #.
≈§.8.#.≈# #####........
#######. ≈§#.8..≈#
######### #.......
≈§##.#≈≈# #.#####.
#≈§§)≈§#### ###.######
##≈..≈##..# #.........
.##''##...####
#.#.#.....


There were no monsters in sight!

Vanquished Creatures
  An ooze (D:1)
  2 worms (D:2)
  A dart slug (D:1)
  2 leopard geckos
  A giant cockroach (D:2)
  3 goblins
  5 hobgoblins
  3 jackals (D:2)
  5 kobolds
  A quokka (D:2)
  A ball python (D:1)
  3 bats (D:1)
  3 frilled lizards (D:2)
  7 rats
38 creatures vanquished.

Notes
Turn   | Place    | Note
-------+----------+-------------------------------------------
     0 | D:1      | Mrkan the Minotaur Fighter began the quest for the Orb.
     0 | D:1      | Reached XP level 1. HP: 19/19 MP: 0/0
   227 | D:1      | Reached XP level 2. HP: 27/27 MP: 1/1
   865 | D:2      | Reached XP level 3. HP: 26/33 MP: 2/2
  1365 | D:2      | Noticed Sigmund
  1382 | D:2      | Slain by Sigmund

Skill      XL: |  1  2  3 |
---------------+----------+-----
Axes           | 3 |  3.5
Armour         | 4 |  4.1
Shields        | 4 |  4.1
Fighting       | 4 |  4.1

Action                   || total
-------------------------++-------
Melee: War axe           ||   102
       Headbutt          ||    13
  Eat: Chunk             ||     2
Armor: Scale mail        ||    45
Dodge: Dodged            ||    34
Block: Shield            ||    44
